 Dungeon Crawl Stone Soup version 0.31-a0-564-g3b7de120b3 (webtiles) character file.

Game seed: 16703029248238659492

53 Fodor the Covered (level 3, -1/33 HPs)
             Began as a Minotaur Fighter on Aug 17, 2023.
             Slain by a cerulean imp
             ... wielding a +1 spear
             ... summoned by Natasha
              (3 damage)
             ... on level 2 of the Dungeon.
             The game lasted 00:05:24 (1115 turns).

Fodor the Covered (Minotaur Fighter)                Turns: 1115, Time: 00:05:26

Health: -1/33      AC:  9    Str: 22    XL:     3   Next: 62%
Magic:  2/2        EV:  8    Int:  5    God:
Gold:   106        SH:  4    Dex:  9    Spells: 2/2 levels left

rFire   . . .        a - +0 long sword
rCold   . . .        c - +0 buckler
rNeg    . . .        b - +0 chain mail
rPois   .            (helmet restricted)
rElec   .            (no cloak)
rCorr   .            (no gloves)
SInv    .            (no boots)
Will    .....        (no amulet) Stlth
                     (no ring)
HPRegen 0.25/turn    (no ring)
MPRegen 0.08/turn

%: no passive effects
@: slowed, very slow
A: horns 2, retaliatory headbutt
a: no special abilities


You were on level 2 of the Dungeon.
You visited 1 branch of the dungeon, and saw 2 of its levels.

You collected 106 gold pieces.

Inventory:

Hand Weapons
 a - a +0 long sword (weapon)
Armour
 b - a +0 chain mail (worn)
 c - a +0 buckler (worn)
Scrolls
 e - a scroll of poison {unknown}
 f - 2 scrolls of identify {unknown}
Potions
 d - a potion of might
 g - a potion of attraction {unknown}


   Skills:
 + Level 4.2 Fighting
 + Level 3.3 Long Blades
 + Level 4.2 Armour
 + Level 4.1 Shields


You had 2 spell levels left.
You didn't know any spells.
Your spell library was empty.

Dungeon Overview and Level Annotations

Branches:
Dungeon (2/15)

Altars:
Makhleb

Annotations:
D:2 1 runed translucent door, Crazy Yiuf, Natasha


Innate Abilities, Weirdness & Mutations

You have a pair of horns on your head.
You reflexively headbutt those who attack you in melee.


Message History

The magic dart hits you. Natasha claws you but does no damage.
You hit Natasha. You headbutt Natasha.
Natasha is moderately wounded.
Natasha claws you.
You hit Natasha.
Natasha is heavily wounded.
Natasha claws you but does no damage.
You barely miss Natasha.
Natasha is heavily wounded.
The adder zombie bites you. Natasha claws you but does no damage.
The adder zombie barely misses you.
You closely miss Natasha.
Natasha is heavily wounded.
Natasha stares at you and mumbles some strange words.
You feel yourself slow down.
The adder zombie bites you but does no damage.
You hit Natasha.
Natasha is severely wounded.
You block Natasha's attack. You block the adder zombie's attack.
Natasha claws you.
The adder zombie bites you but does no damage.
You hit Natasha. Your headbutt misses Natasha.
Natasha is almost dead.
The adder zombie bites you but does no damage.
Natasha mumbles some strange words.
You block the adder zombie's attack. Natasha claws you!
You barely miss Natasha.
Natasha is almost dead.
The adder zombie bites you but does no damage.
Natasha casts a spell.
You block the cerulean imp's attack. The adder zombie barely misses you.
Natasha barely misses you.
You barely miss Natasha. Your headbutt misses Natasha.
Natasha is almost dead.
The cerulean imp barely misses you. The adder zombie bites you.
Natasha claws you!
* * * LOW HITPOINT WARNING * * *
The cerulean imp hits you with a +1 spear.
You die...

...# #........# ####
#.######## #.# #.#
#.# ###### #.#
#....### ##.##
#......#
#.#...#######5h....#
#<.........^..@._..#
#.#...########Z5...#
......## #.....#
#.####.# #.#...# ..
#.# #....... # #+#
###...... ...8.
.....


You could see Natasha, 2 cerulean imps and an adder zombie.

Vanquished Creatures
  A gnoll (D:1)
  A dart slug (D:1)
  3 endoplasms (D:1)
  2 goblins (D:1)
  3 hobgoblins
  10 jackals
  4 kobolds
  A quokka (D:1)
  4 ball pythons (D:1)
  2 bats (D:2)
  2 frilled lizards
  2 rats (D:1)
35 creatures vanquished.

Notes
Turn   | Place    | Note
-------+----------+-------------------------------------------
     0 | D:1      | Fodor the Minotaur Fighter began the quest for the Orb.
     0 | D:1      | Reached XP level 1. HP: 19/19 MP: 0/0
     2 | D:1      | Noticed a vine stalker
     2 | D:1      | Noticed a minotaur
     4 | D:1      | Noticed an octopode
     4 | D:1      | Noticed a tengu
     6 | D:1      | Noticed a felid
     6 | D:1      | Noticed a troll
     8 | D:1      | Noticed a meteoran
    10 | D:1      | Noticed a human
    10 | D:1      | Noticed a naga
    12 | D:1      | Noticed a gargoyle
    14 | D:1      | Noticed an armataur
    14 | D:1      | Noticed an ogre
    16 | D:1      | Noticed a merfolk
    16 | D:1      | Noticed a ghoul
    18 | D:1      | Noticed a spriggan
    20 | D:1      | Noticed an elf
    20 | D:1      | Noticed a draconian
    22 | D:1      | Noticed a demigod
    22 | D:1      | Noticed a formicid
    24 | D:1      | Noticed a demonspawn
    24 | D:1      | Noticed a demonspawn
    26 | D:1      | Noticed a merfolk
    26 | D:1      | Noticed a felid
    66 | D:1      | Reached XP level 2. HP: 21/27 MP: 1/1
   525 | D:1      | Reached XP level 3. HP: 22/33 MP: 2/2
  1002 | D:2      | Found a runed translucent door.
  1003 | D:2      | Noticed Crazy Yiuf
  1102 | D:2      | Found a burning altar of Makhleb.
  1104 | D:2      | Noticed Natasha
  1115 | D:2      | Slain by a cerulean imp

Illustrated notes

Levels and vault maps discovered:
D:1:      kb_arrival_jail, layout_basic
D:2:      layout_loops_corners, serial_undead, serial_undead_e, serial_undead_d,
          serial_undead_a, serial_undead_d, basic_altar, kennysheep_nub,
          small_statue_intersection, uniq_natasha, uniq_crazy_yiuf_cottage

Skill      XL: |  1  2 |
---------------+-------+-----
Armour         | 4 |  4.2
Shields        | 4 |  4.1
Fighting       | 4 |  4.2
Long Blades    | 3 |  3.3

Action                     || total
---------------------------++-------
  Melee: Long sword        ||    86
         Headbutt          ||     7
 Armour: Scale mail        ||    20
         Chain mail        ||    48
  Dodge: Dodged            ||    65
  Block: Buckler           ||    27

Table legend: (Time is in decaauts)
 A = Elapsed time spent in this place.
 B = Non-inter-level travel time spent in this place.
 C = Inter-level travel time spent in this place.
 D = Time resting spent in this place.
 E = Time spent auto-exploring this place.
 F = Levels seen in this place.
 G = Mean time per level.
                   A        B        C        D        E       F      G
               +--------+--------+--------+--------+--------+-----+--------+
         Total |   1139 |   1098 |     41 |     43 |      0 |   2 |  569.5 |
       Dungeon |   1139 |   1098 |     41 |     43 |      0 |   2 |  569.5 |
               +--------+--------+--------+--------+--------+-----+--------+

Top non-repeatable levels by time:
     D:1: 748 daAuts
     D:2: 390 daAuts
